Map: Frozen Temple

Players

JonSnow - Winner!

  • Race: Zerg Zerg
  • League: Grandmaster

Pokebunny

  • Race: Terran Terran
  • League: Grandmaster

VOD

Have the link to the VOD?

Description

Time

  • Played on: April 5, 2016, 8:16 p.m.
  • Length: 10:19
Show
View Real Time Build Order
Export as new Build Order

JonSnow Zerg - Winner!

Build Orders: Hatch First 

Get SALT Encoding   

  12  0:00  Drone  
  13  0:13  Overlord  
  13  0:18  Drone  
  14  0:32  Drone x2  
  14  0:35  Drone  
  17  0:55  Drone, Hatchery  
  17  1:00  Drone  
  17  1:02  Extractor  
  17  1:15  Spawning Pool  
  17  1:18  Drone  
  17  1:25  Overlord  
  17  1:33  Drone  
  18  1:44  Drone  
  19  2:02  Queen  
  19  2:03  Zergling x4  
  19  2:06  Queen  
  19  2:07  Zergling x2  
  26  2:10  Metabolic Boost  
  26  2:19  Drone x2  
  28  2:27  Drone  
  28  2:29  Drone  
  30  2:38  Drone  
  30  2:42  Queen  
  33  2:47  Drone x2  
  33  2:50  Drone  
  36  2:56  Overlord  
  36  3:09  Lair  
  36  3:11  Extractor  
  35  3:16  Drone x3  
  38  3:21  Drone x4  
  38  3:22  Queen  
  44  3:27  Overlord  
  44  3:39  Drone, Extractor  
  44  3:41  Overlord, Extractor  
  43  3:43  Drone  
  44  3:51  Drone x6  
  44  3:53  Drone  
  44  3:54  Drone  
  52  4:00  Spine Crawler  
  52  4:02  Drone  
  52  4:14  Spire  
  52  4:15  Overseer  
  51  4:19  Drone x3  
  51  4:21  Drone  
  51  4:24  Overlord  
  55  4:30  Zergling x4  
  56  4:37  Overlord x2  
  56  4:38  Drone  
  57  4:54  Hatchery  
  56  5:01  Overlord  
  56  5:06  Zergling x2  
  60  5:07  Zergling x14  
  64  5:25  Mutalisk  
  64  5:26  Mutalisk x3  
  72  5:29  Mutalisk  
  72  5:33  Mutalisk x4  
  82  5:41  Mutalisk  
  84  5:44  Drone  
  84  5:48  Mutalisk  
  87  5:51  Zergling x4  
  87  5:56  Hatchery  
  88  6:17  Drone x4  
  92  6:21  Overlord, Roach Warren  
  89  6:33  Overlord  
  89  6:37  Drone x2  
  91  6:41  Drone x2  
  91  6:43  Drone  
  94  6:48  Evolution Chamber  
  94  6:49  Evolution Chamber  
  94  6:50  Drone x2  
  94  6:53  Drone  
  95  6:55  Overlord  
  95  7:00  Hatchery  
  94  7:02  Overlord  
  94  7:05  Hatchery  
  94  7:09  Overlord x2  
  94  7:10  Glial Reconstitution  
  94  7:12  Roach  
  96  7:16  Zerg Missile Weapons Level 1, Zerg Ground Armor Level 1  
  96  7:18  Roach  
  96  7:19  Roach x2  
  96  7:21  Drone  
  96  7:22  Drone x3  
  106  7:24  Drone  
  106  7:29  Roach x2  
  111  7:40  Drone x3  
  111  7:42  Extractor  
  111  7:44  Extractor  
  112  7:45  Ravager x4  
  116  7:52  Roach  
  116  7:53  Roach x6  
  116  7:54  Roach  
  132  7:59  Roach x2  
  136  8:07  Drone  
  136  8:08  Drone, Overlord  
  136  8:12  Overlord  
  138  8:18  Drone x2  
  138  8:19  Drone x3  
  143  8:23  Overlord  
  143  8:24  Overlord  
  143  8:25  Overseer  
  143  8:26  Queen  
  145  8:32  Roach x3  
  145  8:34  Ravager x8  
  152  8:41  Overlord x2  
  159  8:47  Roach x4  
  167  8:52  Overlord x2  
  167  8:54  Drone x2  
  169  8:58  Extractor  
  168  9:07  Roach x6  
  180  9:11  Overlord  
  180  9:12  Drone  
  180  9:13  Drone x3  
  180  9:16  Ravager x5  
  180  9:17  Ravager, Extractor  
  188  9:23  Roach  
  188  9:24  Roach x2  
  193  9:30  Roach x3  
  185  9:56  Roach x11  
  195  10:12  Infestation Pit  
Show
View Real Time Build Order
Export as new Build Order

Pokebunny Terran 

Build Orders: Reaper Expand, MMM Bio 

Get SALT Encoding   

  12  0:00  SCV  
  13  0:13  SCV  
  14  0:18  Supply Depot  
  14  0:25  SCV  
  15  0:40  SCV  
  16  0:43  Barracks  
  16  0:44  Refinery  
  16  0:52  SCV  
  17  1:04  SCV  
  18  1:16  SCV  
  19  1:29  Reaper  
  19  1:30  Orbital Command  
  20  1:39  Command Center  
  20  1:51  Supply Depot  
  20  1:55  SCV  
  21  2:03  Barracks Reactor  
  21  2:06  Barracks  
  21  2:08  SCV  
  22  2:16  Barracks  
  22  2:21  Refinery  
  22  2:24  SCV  
  23  2:40  Marine x2  
  23  2:41  SCV  
  26  2:45  Factory  
  26  2:52  Barracks Tech Lab  
  26  2:53  SCV  
  26  2:57  Orbital Command  
  27  3:06  Marine  
  27  3:07  Marine x2  
  27  3:10  SCV  
  31  3:17  Stimpack  
  30  3:20  Marine  
  30  3:23  SCV  
  30  3:25  SCV  
  33  3:27  Marine  
  33  3:33  Starport  
  34  3:36  Factory Reactor  
  34  3:39  SCV x2  
  36  3:42  Marine  
  36  3:47  Marine x2  
  39  3:51  Marine  
  40  3:57  SCV x2  
  42  4:07  Supply Depot, Bunker  
  42  4:09  Marine x2  
  44  4:21  SCV x2  
  46  4:28  Marine x2, Medivac x2  
  46  4:31  Marine, Supply Depot  
  51  4:32  Marine  
  53  4:39  Supply Depot  
  53  4:41  Factory Tech Lab  
  53  4:46  Barracks Reactor, Marine  
  53  4:52  Marine x2  
  56  4:53  Supply Depot  
  56  4:54  SCV x2  
  58  5:02  Siege Tank  
  58  5:04  Medivac  
  63  5:10  Supply Depot  
  63  5:14  Marine  
  63  5:15  Marine x2  
  63  5:18  Combat Shields  
  66  5:30  SCV  
  66  5:31  Command Center, SCV  
  68  5:39  Supply Depot  
  68  5:45  SCV x2  
  68  5:46  Refinery x2  
  70  5:51  Supply Depot  
  70  5:53  Siege Tank  
  72  6:06  Engineering Bay  
  72  6:09  Engineering Bay  
  62  6:15  Marine x5  
  57  6:32  Marine  
  57  6:33  Marine x3  
  57  6:37  SCV x2  
  62  6:43  Marine  
  62  6:46  Missile Turret  
  63  6:48  Missile Turret  
  63  6:51  Orbital Command  
  63  6:57  Terran Infantry Weapons Level 1  
  63  7:02  Terran Infantry Armor Level 1  
  63  7:04  Siege Tank  
  63  7:08  SCV x2  
  68  7:11  Marine  
  68  7:12  Marine x2  
  71  7:17  SCV  
  71  7:19  Marine x2  
  71  7:20  SCV x2  
  76  7:23  Medivac  
  76  7:26  Medivac  
  80  7:40  Missile Turret  
  80  7:43  Marine x4  
  84  7:47  Barracks  
  84  7:49  Armory, Barracks  
  84  7:50  Supply Depot  
  84  8:01  Missile Turret  
  87  8:05  Siege Tank  
  87  8:15  Marine x3  
  87  8:16  Marine  
  87  8:17  Orbital Command  
  87  8:19  Marine  
  92  8:27  SCV x2  
  94  8:33  Marine x4  
  98  8:39  SCV x2  
  100  8:42  Missile Turret  
  100  8:43  Siege Tank  
  100  8:45  Missile Turret x2  
  100  8:46  Missile Turret  
  102  8:52  Barracks Reactor x2  
  101  9:09  Marine x4  
  104  9:10  Marine  
  104  9:15  Siege Tank  
  109  9:23  Supply Depot x2  
  109  9:28  Marine, SCV x2  
  109  9:44  Marine x5, SCV  
  110  9:57  Marine x2  
  96  10:01  Marine x2  
Tags
 
Add a new tag
Caveats
  • Supply blocks, unpowered buildings, or Contaminate may cause inaccurate times.
  • Supply counts are checked every 10 seconds.